 Dungeon Crawl Stone Soup version 0.26-a0-712-ga5a9c9c9d0 (webtiles) character file.

Game seed: 16483227869261549180

4690 kae the Transmogrifier (level 10, -1/52 HPs)
             Began as a Tengu Transmuter on Nov 13, 2020.
             Was a Follower of Ashenzari.
             Slain by an orc warrior
             ... wielding a +0 halberd
              (19 damage)
             ... on level 8 of the Dungeon.
             The game lasted 00:07:57 (10458 turns).

kae the Transmogrifier (Tengu Transmuter)          Turns: 10458, Time: 00:07:58

Health: -1/52      AC:  5    Str: 13    XL:     10   Next: 44%
Magic:  6/14       EV: 19    Int: 14    God:    Ashenzari [*.....]
Gold:   333        SH:  0    Dex: 15    Spells: 4/13 levels left

rFire    + . .     SeeInvis .     - Unarmed
rCold    + . .     Faith    .   (no shield)
rNeg     . . .     Spirit   .   D - +2 robe {MR+} (curse)
rPois    .         Reflect  .   (helmet restricted)
rElec    .         Harm     .   x - scarf {rC+ rF+}
rCorr    .         Rampage  .   g - +0 pair of gloves
MR       +....                  (boots unavailable)
Stlth    +.........             (no amulet)
HPRegen  0.17/turn              b - +4 ring of slaying (curse)
MPRegen  0.14/turn              j - +4 ring of evasion (curse)

@: flying quickly and evasively, very slightly contaminated, quick
A: beak, talons 3, able to fly
a: Stop Flying, Curse Item, Scrying, Renounce Religion


You were on level 8 of the Dungeon.
You worshipped Ashenzari.
Ashenzari was aware of your devotion.
You visited 2 branches of the dungeon, and saw 9 of its levels.

You collected 333 gold pieces.

Inventory:

Armour
 a - a +1 robe
 g - a +0 pair of gloves (worn)
 x - a scarf of resistance (worn)
 D - a cursed +2 robe of magic resistance (worn)
Jewellery
 b - a cursed +4 ring of slaying (left hand)
 j - a cursed +4 ring of evasion (right hand)
 q - an uncursed ring of magical power
 r - an uncursed ring of wizardry
Wands
 v - a wand of random effects (12)
 w - a wand of paralysis (14)
Scrolls
 l - a scroll of enchant armour
 m - 3 scrolls of amnesia
 o - 3 scrolls of teleportation
 p - a scroll of remove curse
 B - a scroll of fear
Potions
 c - 3 potions of curing
 d - a potion of resistance
 e - 2 potions of lignification
 f - a potion of berserk rage
 h - 2 potions of haste
 i - 2 potions of flight
 k - a potion of degeneration
 n - 2 potions of stabbing
 s - a potion of invisibility {unknown}
 t - 2 potions of might
 u - 2 potions of heal wounds
 z - a potion of magic
 C - a potion of mutation {unknown}


   Skills:
 - Level 1.0 Fighting
 - Level 2.1 Dodging
 + Level 10.0 Unarmed Combat
 - Level 2.0 Spellcasting
 * Level 10.4 Transmutations


You had 4 spell levels left.
You knew the following spells:

 Your Spells              Type           Power        Failure   Level
a - Beastly Appendage     Tmut           ####..       1%          1
b - Spider Form           Tmut/Pois      ###.......   9%          3
c - Blade Hands           Tmut           ####......   9%          5

Your spell library contained the following spells:

 Spells                   Type           Power        Failure   Level
 Wereblood                Tmut           ####....     1%          2
 Ice Form                 Ice/Tmut       ###.....     28%         4


Dungeon Overview and Level Annotations

Branches:
Dungeon (8/15)             Temple (1/1) D:5
   Lair: D:8-11

Altars:
Ashenzari
Cheibriados
Dithmenos
Elyvilon
Fedhas
Gozag
Hepliaklqana
Kikubaaqudgha
Makhleb
Nemelex Xobeh
Okawaru
Qazlal
Ru
Sif Muna
Trog
Uskayaw
Vehumet
Wu Jian
Xom
Yredelemnul
Zin
The Shining One


Innate Abilities, Weirdness & Mutations

You have a beak for a mouth.
You have claws for feet.
You can fly continuously.


Message History

You slice the orc!!
You kill the orc!
The orc warrior barely misses you.
Items here: ))) [[ ††.
You hit the orc warrior. You claw the orc warrior.
The orc warrior is moderately wounded.
Your hands revert to their normal proportions.
Your +0 pair of gloves unmelds from your body.
You punch the orc!
You kill the orc!
The orc throws a boomerang.
The boomerang closely misses you.
The weapon returns to the orc!
The orc warrior barely misses you.
You barely miss the orc warrior. Your kick misses the orc warrior.
The orc warrior is moderately wounded.
You punch the orc warrior!
The orc warrior is severely wounded.
The orc warrior hits you with a +0 halberd!
The orc misses you.
The orc warrior hits you from afar with a +0 halberd!!
You die...

####*###.......[..#..###.......#.
*,,,#...............###########.
*,,,#.#.........[........#......
**,,,#.#.........####.##....[....
*#,,,#.#...........##.##..#.#....
*#.,,#.##....#'###.....#..#.#....
.##.##..o.o....{..>...<#..#.####.
##..o........#o####.##....#....(.
*#....o.oo...#o)@.#......##..####
#.....)....#####.#####.###..####
#..........#***#.#,,<#..........
*#..........#*,,..............)..
....)....$..#*,,................)
###.........#*,....(.............
#.........#*,..................
#..........,..!............#.##
**#.........##***#######..####.#


You could see an orc warrior and an orc.

Vanquished Creatures
  Harold (D:8)
  Pikel (D:6)
  Maggie (D:6)
  Psyche (D:8)
  Grinder (D:5)
  Menkaure (D:6)
  Edmund (D:6)
  Duvessa (D:5)
  4 orc warriors
  A sky beast (D:8)
  3 ogres
  A centaur (D:6)
  A big kobold (D:7)
  4 bullfrogs
  Dowan (D:5)
  4 wights (D:7)
  A howler monkey (D:5)
  3 centaur skeletons
  2 hounds
  A jelly (D:5)
  A quasit (D:6)
  An orc priest (D:4)
  10 orc wizards
  A bullfrog skeleton (D:5)
  2 iguanas
  4 worker ants
  A killer bee zombie (D:8)
  2 hound skeletons
  8 gnolls
  8 adders
  A shadow imp (D:5)
  4 white imps
  2 oozes
  3 adder skeletons
  4 worms
  A dart slug (D:3)
  5 leopard geckos
  31 orcs
  4 giant cockroaches
  10 goblins
  11 hobgoblins
  15 jackals
  2 quokkas
  4 bats
  3 frilled lizards
  A jackal zombie (D:5)
  16 kobolds
  A leopard gecko zombie (D:5)
  A quokka skeleton (D:4)
  6 rats
197 creatures vanquished.

Vanquished Creatures (others)
  A wizard (D:7)
  2 plants (D:5)
3 creatures vanquished.

Grand Total: 200 creatures vanquished

Notes
Turn   | Place    | Note
-------+----------+-------------------------------------------
     0 | D:1      | kae the Tengu Transmuter began the quest for the Orb.
     0 | D:1      | Reached XP level 1. HP: 12/12 MP: 4/4
    58 | D:1      | Reached XP level 2. HP: 5/16 MP: 4/6
   584 | D:1      | You fall into a shaft and drop 1 floor!
   612 | D:2      | Reached XP level 3. HP: 20/20 MP: 7/7
  1975 | D:2      | Reached XP level 4. HP: 25/25 MP: 6/8
  2930 | D:3      | Learned a level 3 spell: Spider Form
  3002 | D:3      | Gained mutation: You can fly continuously. [Tengu growth]
  3002 | D:3      | Reached XP level 5. HP: 28/29 MP: 5/9
  4047 | D:4      | Reached XP level 6. HP: 34/34 MP: 10/10
  4127 | D:4      | Found a hazy altar of Hepliaklqana.
  4127 | D:4      | Found an ancient bone altar of Kikubaaqudgha.
  4132 | D:4      | Found a faded altar of an unknown god.
  4134 | D:4      | Found a glowing golden altar of the Shining One.
  4136 | D:4      | Found a faded altar of an unknown god.
  4407 | D:4      | Reached skill level 5 in Unarmed Combat
  4915 | D:5      | Entered Level 5 of the Dungeon
  4941 | D:5      | Found a staircase to the Ecumenical Temple.
  5102 | Temple   | Entered the Ecumenical Temple
  5276 | Temple   | Became a worshipper of Ashenzari the Shackled
  5297 | D:5      | Reached skill level 5 in Transmutations
  5297 | D:5      | Reached XP level 7. HP: 14/38 MP: 11/11
  6110 | D:5      | Noticed Grinder
  6115 | D:5      | Paralysed by Grinder for 7 turns
  6127 | D:5      | Killed Grinder
  6127 | D:5      | Reached XP level 8. HP: 40/43 MP: 12/12
  6399 | D:5      | Noticed Dowan
  6402 | D:5      | Noticed Duvessa
  6411 | D:5      | Killed Duvessa
  6417 | D:5      | Killed Dowan
  7103 | D:5      | Learned a level 5 spell: Blade Hands
  7148 | D:6      | Noticed Menkaure
  7707 | D:6      | Identified the +3 robe of Least Resistance {+Blink rElec
                  | MP+9 Str+3}
  7711 | D:6      | Reached XP level 9. HP: 19/47 MP: 8/13
  7963 | D:6      | Noticed Edmund
  7975 | D:6      | Killed Edmund
  8000 | D:6      | Killed Menkaure
  8014 | D:6      | Noticed Maggie
  8025 | D:6      | Killed Maggie
  8545 | D:6      | Noticed Pikel
  8563 | D:6      | Killed Pikel
  8964 | D:7      | Reached * piety under Ashenzari
  9751 | D:7      | Found a bloodstained altar of Trog.
  9885 | D:7      | Found a bloodstained altar of Trog.
  9887 | D:7      | Noticed a wizard
  9893 | D:7      | Killed a wizard
 10000 | D:8      | Reached XP level 10. HP: 51/52 MP: 8/14
 10073 | D:8      | Noticed Psyche
 10073 | D:8      | Noticed Harold
 10087 | D:8      | Killed Psyche
 10233 | D:8      | Killed Harold
 10233 | D:8      | Reached skill level 10 in Transmutations
 10271 | D:8      | Reached skill level 10 in Unarmed Combat
 10458 | D:8      | Slain by an orc warrior

Illustrated notes

Levels and vault maps discovered:
D:1:      evilmike_arrival_plus, layout_basic
D:2:      layout_loops_ring
D:3:      layout_loops_ring, nrook_mini_vaults,
          minmay_fractal_squares_diagonal_5
D:4:      layout_basic, chequers_temple_overflow_minitemple, minmay_checkerbox
D:5:      layout_loops_corners, minmay_temple_entry_gardened_gates,
          uniq_duvessa, uniq_grinder
D:6:      layout_basic, kennysheep_generic_room_14, uniq_menkaure, uniq_edmund,
          uniq_maggie, uniq_pikel
D:7:      layout_gridville, kennysheep_mini_moat, trog_wizard
D:8:      layout_basic, special_room [special_room_orc], uniq_psyche,
          uniq_joseph, uniq_harold
Temple:   regret_index_temple_mists

Skill      XL: |  1  2  3  4  5  6  7  8  9 10 |
---------------+-------------------------------+-----
Transmutations | 2 3 4 5 6 7 9 10 | 10.4
Unarmed Combat | 4 5 6 7 9 10 | 10.0
Fighting       | |  1.0
Dodging        | |  2.1
Spellcasting   | |  2.0

Action                   |  1- 3 |  4- 6 |  7- 9 | 10-12 || total
-------------------------+-------+-------+-------+-------++-------
Melee: Unarmed           |    72 |   131 |   224 |    57 ||   484
       Kick              |    12 |    22 |    37 |    15 ||    86
       Peck              |    11 |    14 |    27 |     7 ||    59
       Punch             |     1 |     2 |     6 |     1 ||    10
       Headbutt          |     4 |    14 |     9 |     1 ||    28
 Cast: Beastly Appendage |    20 |    23 |    21 |     1 ||    65
       Spider Form       |       |     1 |     7 |     1 ||     9
       Blade Hands       |       |       |     2 |     3 ||     5
Invok: Curse Item        |       |       |     2 |     1 ||     3
 Abil: Fly               |       |     1 |       |       ||     1
  Use: Scroll            |     4 |    11 |     4 |     3 ||    22
       Potion            |       |     1 |       |       ||     1
 Stab: Sleeping          |       |       |     3 |       ||     3
Armor: Robe              |    14 |    11 |    15 |     9 ||    49
       Skin              |       |       |     1 |       ||     1
Dodge: Dodged            |    45 |    88 |   169 |    48 ||   350

Table legend: (Time is in decaauts)
 A = Elapsed time spent in this place.
 B = Non-inter-level travel time spent in this place.
 C = Inter-level travel time spent in this place.
 D = Time resting spent in this place.
 E = Time spent auto-exploring this place.
 F = Levels seen in this place.
 G = Mean time per level.
                   A        B        C        D        E       F      G
               +--------+--------+--------+--------+--------+-----+--------+
         Total |  10040 |   9857 |    183 |    593 |   8050 |   9 | 1115.6 |
       Dungeon |   9693 |   9555 |    138 |    421 |   7924 |   8 | 1211.6 |
        Temple |    346 |    302 |     44 |    172 |    126 |   1 |  346.0 |
               +--------+--------+--------+--------+--------+-----+--------+

Top non-repeatable levels by time:
     D:5: 1843 daAuts
     D:6: 1636 daAuts
     D:1: 1556 daAuts
     D:4: 1319 daAuts
     D:3: 1068 daAuts
     D:7: 992 daAuts
     D:2: 842 daAuts
     D:8: 433 daAuts
  Temple: 346 daAuts
